 Dungeon Crawl Stone Soup version 0.24-a0-520-g8fd06ad0bc (webtiles) character file.

Game seed: 13493307089028023721

19966 vurker the Sharpshooter (level 13, -6/83 HPs)
             Began as a Kobold Hunter on July 27, 2019.
             Was a High Priest of Okawaru.
             Mangled by a swamp worm (8 damage)
             ... on level 2 of the Lair of Beasts.
             The game lasted 00:30:58 (14910 turns).

vurker the Sharpshooter (Kobold Hunter)            Turns: 14910, Time: 00:30:59

Health: -6/83      AC: 22    Str: 14    XL:     13   Next: 8%
Magic:  14/19      EV: 12    Int: 12    God:    Okawaru [*****.]
Gold:   1256       SH:  0    Dex: 16    Spells: 12/12 levels left

rFire    . . .     SeeInvis .   a - +8 triple crossbow "Afeanuan" {speed, MR+ Stlth+}
rCold    . . .     Gourm    .   (shield currently unavailable)
rNeg     + . .     Faith    .   f - +0 plate armour
rPois    .         Spirit   .   w - +0 helmet
rElec    .         Reflect  .   y - +0 cloak
rCorr    .         Harm     .   k - +2 pair of gloves
MR       ++...                  l - +0 pair of boots
Stlth    ..........             L - amulet of regeneration
HPRegen  0.63/turn              B - ring of positive energy
MPRegen  0.16/turn              D - ring of protection from magic

@: heroism, finesse, very slightly contaminated, slowed, invisible, very slow
A: small, carnivore
a: Heroism, Finesse, Renounce Religion


You were on level 2 of the Lair of Beasts.
You worshipped Okawaru.
Okawaru was extremely pleased with you.
You were completely stuffed.

You visited 2 branches of the dungeon, and saw 14 of its levels.

You collected 1256 gold pieces.

Inventory:

Hand Weapons
 a - the +8 triple crossbow "Afeanuan" (weapon) {speed, MR+ Stlth+}
   (You acquired it on level 11 of the Dungeon)

   Attacks with this weapon are significantly faster.
   It affects your resistance to hostile enchantments.
   It makes you more stealthy.
 b - a +3 short sword of electrocution
   (You took it off an orc on level 3 of the Dungeon)
Missiles
 s - 122 bolts (quivered)
 C - 3 throwing nets
Armour
 f - a +0 plate armour (worn)
   (You found it on level 1 of the Dungeon)
 k - a +2 pair of gloves (worn)
   (You found it on level 2 of the Dungeon)
 l - a +0 pair of boots (worn)
   (You found it on level 1 of the Dungeon)
 w - a +0 helmet (worn)
   (You found it on level 3 of the Dungeon)
 y - a +0 cloak (worn)
   (You found it on level 6 of the Dungeon)
 A - the cursed +0 chain mail of Entitlement {-Tele rElec rPois SInv}
   (You found it on level 6 of the Dungeon)

   It insulates you from electricity.
   It protects you from poison.
   It lets you see invisible.
   It prevents most forms of teleportation.
   It has a curse placed upon it.
Jewellery
 m - an uncursed ring of flight
   (You found it on level 1 of the Lair of Beasts)
 B - a ring of positive energy (left hand)
   (You found it on level 4 of the Dungeon)
 D - a ring of protection from magic (right hand)
   (You found it on level 6 of the Dungeon)
 L - an amulet of regeneration (around neck)
   (You found it on level 1 of the Lair of Beasts)
Wands
 c - a wand of disintegration (12)
   (You found it on level 2 of the Lair of Beasts)
 d - a wand of iceblast (11)
   (You found it on level 1 of the Lair of Beasts)
 t - a wand of flame (28)
   (You took it off an orc on level 4 of the Dungeon)
 x - a wand of polymorph (1)
   (You took it off Ijyb on level 3 of the Dungeon)
Scrolls
 h - 11 scrolls of teleportation
 j - 12 scrolls of remove curse
 q - 3 scrolls of immolation
 v - a scroll of enchant weapon
 F - a scroll of fear
 G - 3 scrolls of fog
 J - a scroll of identify
Potions
 g - 2 potions of resistance
 i - a potion of brilliance {unknown}
 n - a potion of invisibility
 o - 3 potions of cancellation
 p - a potion of curing
 r - 2 potions of agility
 u - 2 potions of mutation {unknown}
 z - 4 potions of haste
 E - 3 potions of lignification {unknown}
 H - a potion of ambrosia {unknown}
 I - a potion of degeneration {unknown}
 N - 4 potions of might {unknown}
Comestibles
 e - 27 rations
 M - 6 chunks of flesh


   Skills:
 + Level 10.6(15.6) Fighting
 - Level 5.0(10.0) Short Blades
 * Level 15.8(20.8) Crossbows
 + Level 4.8(9.8) Armour
 + Level 7.5(12.5) Dodging
 - Level 1.3(6.3) Stealth
 - Level 8.0 Invocations
 - Level 5.4 Evocations


You had 12 spell levels left.
You didn't know any spells.
Your spell library contained the following spells:

 Spells                   Type           Power        Failure   Level  Hunger
 Animate Skeleton         Necr           N/A          100%        1    ##.....
 Apportation              Tloc           #.....       100%        1    ##.....
 Confusing Touch          Hex            #.....       100%        1    ##.....
 Magic Dart               Conj           #...         100%        1    ##.....
 Pain                     Necr           #...         100%        1    ##.....
 Summon Small Mammal      Summ           #...         100%        1    ##.....
 Blink                    Tloc           N/A          100%        2    ###....
 Call Imp                 Summ           #.......     100%        2    ###....
 Slow                     Hex            #.......     100%        2    ###....
 Conjure Flame            Conj/Fire      #.......     100%        3    ####...
 Mephitic Cloud           Conj/Pois/Air  #.......     100%        3    ####...
 Regeneration             Chrm/Necr      #.........   100%        3    ####...
 Vampiric Draining        Necr           #.........   100%        3    ####...
 Animate Dead             Necr           N/A          100%        4    #####..


Dungeon Overview and Level Annotations

Branches:
Dungeon (12/15)            Temple (0/1) D:7            Lair (2/6) D:10
    Orc (0/2) D:12
  Swamp: Lair:2-4    Shoals: Lair:2-4     Snake: Lair:2-4    Spider: Lair:2-4

Altars:
Ashenzari
Dithmenos
Fedhas
Hepliaklqana
Kikubaaqudgha
Makhleb
Nemelex Xobeh
Okawaru
Sif Muna
Xom
Zin

Annotations:
D:12 Fannar


Innate Abilities, Weirdness & Mutations

You are small and have problems with some larger weapons.
You are carnivorous and can eat meat at any time.


Message History

* * * LOW HITPOINT WARNING * * *
The swamp worm barely misses you. x2; The swamp worm bites you!
* * * LOW HITPOINT WARNING * * *
The tyrant leech barely misses you. The swamp worm bites you!
* * * LOW HITPOINT WARNING * * *
Blink to where?
You are very lightly contaminated with residual magic.
As you read the scroll of blinking, it crumbles to dust.
You feel yourself speed up.
The swamp worm throws harpoon shot at you.
The harpoon shot hits you!
* * * LOW HITPOINT WARNING * * *
You are yanked forward by the harpoon shot.
Being near the torpor snail leaves you feeling lethargic.
Firing (i - inventory. (/) - cycle)
s - 125 bolts (quivered)
Aim: a swamp worm You shoot a bolt.
The bolt hits the swamp worm!!!
You kill the swamp worm!
Okawaru accepts your kill.
The swamp worm throws harpoon shot at you.
The harpoon shot hits you but does no damage.
Firing (i - inventory. (/) - cycle)
s - 124 bolts (quivered)
Aim: a swamp worm You shoot a bolt.
The bolt barely misses the swamp worm.
The bolt hits the tyrant leech!!
You kill the tyrant leech!
Okawaru accepts your kill.
The swamp worm throws harpoon shot at you.
The harpoon shot misses you.
The swamp worm throws harpoon shot at you.
The harpoon shot misses you.
Firing (i - inventory. (/) - cycle)
s - 123 bolts (quivered)
Aim: a swamp worm You shoot a bolt.
The bolt hits the swamp worm!!
The swamp worm throws harpoon shot at you.
The harpoon shot hits you.
* * * LOW HITPOINT WARNING * * *
You are yanked forward by the harpoon shot.
You fade into invisibility!
The swamp worm throws harpoon shot at the swamp worm.
The harpoon shot hits the swamp worm!
The swamp worm closely misses you. The swamp worm misses you.
You feel better. The swamp worm closely misses you. The swamp worm bites you!
* * * LOW HITPOINT WARNING * * *
The swamp worm closely misses you.
A swamp worm comes into view.
The tyrant leech completely misses you.
The swamp worm bites you but does no damage.
The swamp worm closely misses you. The swamp worm bites you!
You die...

#..######....<#P#####.##.....
#.. # #....................
#. #.....P#.......##....
##...##....##....(........
.#≈(..##....##.......#.....
≈≈≈≈≈.......#.......##.÷...
≈≈≈≈≈≈≈#...................
#####≈≈≈.w.....#...........
≈≈#P≈≈.w@w............÷..
≈≈w≈≈((ww.............#..
≈≈≈#≈≈≈.(w................
####≈≈≈.##.#######.#.#.##.
≈≈≈≈≈..##.# ##...####
≈≈≈...P#### ##### ....#.#
#.P### ###


You could see a tyrant leech, a torpor snail and 5 swamp worms.

Vanquished Creatures
  Gastronok (D:8)
  2 hydras
  Harold (D:7)
  2 two-headed ogres
  Erica (D:10)
  Nergalle (D:10)
  A manticore (D:11)
  2 spiny frogs (Lair:2)
  A rime drake (Lair:1)
  A komodo dragon (D:10)
  A troll (D:8)
  2 tyrant leeches (Lair:2)
  Prince Ribbit (D:7)
  6 hippogriffs
  8 blink frogs (Lair:1)
  A hippogriff (shapeshifter) (D:8)
  7 yaks
  A human (D:9)
  3 hogs (D:9)
  A basilisk (shapeshifter) (D:8)
  2 hungry ghosts (D:8)
  A swamp worm (Lair:2)
  3 water moccasins
  A swamp drake (D:6)
  4 black bears
  7 porcupines
  An ice beast (D:8)
  5 orc warriors
  3 sky beasts
  3 wolves (Lair:2)
  4 phantoms
  2 ogres
  3 centaurs
  5 crocodiles
  3 big kobolds
  11 bullfrogs
  2 water moccasin zombies
  2 scorpions
  A water moccasin skeleton (D:8)
  A wyvern skeleton (D:12)
  A killer bee (D:8)
  5 howler monkeys
  3 crimson imps
  A bullfrog zombie (D:8)
  2 quasits
  A centaur zombie (D:8)
  2 hounds
  3 jellies
  11 orc priests
  A bullfrog skeleton (D:11)
  9 orc wizards
  2 iguanas (D:6)
  Terence (D:2)
  Ijyb (D:3)
  10 worker ants
  2 hound zombies (D:7)
  2 hound skeletons
  2 howler monkey zombies
  3 worker ant zombies
  8 gnolls
  6 adders
  A shadow imp (D:8)
  2 oozes
  An adder skeleton (D:9)
  An adder zombie (D:6)
  3 worms
  2 dart slugs (D:2)
  6 leopard geckos
  37 orcs
  2 bat zombies (D:8)
  10 giant cockroaches
  6 goblins
  9 hobgoblins
  2 jackals (D:9)
  5 quokkas
  5 ball pythons
  8 bats
  7 frilled lizards
  19 kobolds
  A leopard gecko skeleton (D:8)
  A leopard gecko zombie (D:6)
  A quokka skeleton (D:5)
  6 rats
  A bush (D:8)
320 creatures vanquished.

Vanquished Creatures (others)
  3 plants (Lair:2)
3 creatures vanquished.

Grand Total: 323 creatures vanquished

Notes
Turn   | Place    | Note
-------+----------+-------------------------------------------
     0 | D:1      | vurker the Kobold Hunter began the quest for the Orb.
     0 | D:1      | Reached XP level 1. HP: 12/12 MP: 1/1
    86 | D:1      | Reached skill level 1 in Short Blades
    86 | D:1      | Reached skill level 5 in Crossbows
    86 | D:1      | Reached XP level 2. HP: 17/18 MP: 2/2
   470 | D:1      | Reached XP level 3. HP: 21/22 MP: 3/3
  1271 | D:2      | Reached XP level 4. HP: 23/27 MP: 4/4
  1558 | D:2      | Noticed Terence
  1573 | D:2      | Killed Terence
  2121 | D:3      | Reached XP level 5. HP: 32/32 MP: 5/5
  2217 | D:3      | Reached skill level 6 in Crossbows
  2677 | D:3      | Noticed Ijyb
  2743 | D:3      | Reached XP level 6. HP: 37/37 MP: 6/6
  3127 | D:3      | Reached skill level 5 in Short Blades
  3369 | D:3      | Killed Ijyb
  3369 | D:3      | Reached skill level 7 in Crossbows
  3491 | D:4      | Noticed an ogre
  3509 | D:4      | Killed an ogre
  3509 | D:4      | Reached skill level 1 in Evocations
  3509 | D:4      | Reached XP level 7. HP: 38/43 MP: 7/7
  4179 | D:4      | Reached skill level 8 in Crossbows
  4548 | D:4      | Reached XP level 8. HP: 48/48 MP: 8/10
  4660 | D:4      | Found a shimmering altar of Xom.
  4778 | D:5      | Entered Level 5 of the Dungeon
  4888 | D:5      | Reached skill level 5 in Fighting
  5008 | D:5      | Found a blossoming altar of Fedhas.
  5067 | D:5      | Found a hazy altar of Hepliaklqana.
  5230 | D:5      | Reached skill level 9 in Crossbows
  5314 | D:5      | Found an iron altar of Okawaru.
  5322 | D:5      | Became a worshipper of Warmaster Okawaru
  5753 | D:6      | Got a translucent chain mail
  5754 | D:6      | Identified the cursed +0 chain mail of Entitlement {-Tele
                  | rElec rPois SInv} (You found it on level 6 of the Dungeon)
  5764 | D:6      | Found a deep blue altar of Sif Muna.
  5767 | D:6      | Found a burning altar of Makhleb.
  5774 | D:6      | Found a sparkling altar of Nemelex Xobeh.
  5865 | D:6      | Found a shadowy altar of Dithmenos.
  6019 | D:6      | Reached skill level 1 in Invocations
  6298 | D:6      | Reached XP level 9. HP: 40/55 MP: 12/12
  6661 | D:7      | Noticed Prince Ribbit
  6677 | D:7      | Noticed Harold
  6701 | D:7      | Killed Harold
  6701 | D:7      | Reached * piety under Okawaru
  6701 | D:7      | Reached skill level 10 in Crossbows
  6701 | D:7      | Reached skill level 5 in Evocations
  7195 | D:7      | Killed Prince Ribbit
  7195 | D:7      | Reached skill level 11 in Crossbows
  7283 | D:7      | Found a staircase to the Ecumenical Temple.
  7465 | D:6      | Reached XP level 10. HP: 63/63 MP: 14/14
  8033 | D:8      | Reached ** piety under Okawaru
  8037 | D:8      | Reached skill level 5 in Invocations
  8051 | D:8      | Reached skill level 12 in Crossbows
  8209 | D:8      | Found an ancient bone altar of Kikubaaqudgha.
  8437 | D:8      | Noticed Gastronok
  8464 | D:8      | Killed Gastronok
  8464 | D:8      | Reached *** piety under Okawaru
  8464 | D:8      | Reached skill level 13 in Crossbows
  8465 | D:8      | Found a shattered altar of Ashenzari.
  8895 | D:8      | Found a glowing silver altar of Zin.
  9062 | D:8      | Reached XP level 11. HP: 47/69 MP: 15/15
  9235 | D:8      | Noticed a two-headed ogre
  9273 | D:8      | Killed a two-headed ogre
  9273 | D:8      | Reached **** piety under Okawaru
  9273 | D:8      | Reached skill level 1 in Armour
 10094 | D:8      | Received a gift from Okawaru
 10352 | D:9      | Received a gift from Okawaru
 10953 | D:9      | Received a gift from Okawaru
 10953 | D:9      | Reached skill level 14 in Crossbows
 11239 | D:10     | Entered Level 10 of the Dungeon
 11365 | D:10     | Noticed Nergalle
 11388 | D:10     | Killed Nergalle
 11388 | D:10     | Reached ***** piety under Okawaru
 11447 | D:10     | Reached skill level 5 in Dodging
 11686 | D:10     | Noticed Erica
 11722 | D:10     | Killed Erica
 11722 | D:10     | Received a gift from Okawaru
 11722 | D:10     | Reached XP level 12. HP: 30/76 MP: 12/17
 12011 | D:10     | Found a staircase to the Lair.
 12609 | D:11     | Noticed a two-headed ogre
 12621 | D:11     | Killed a two-headed ogre
 12845 | D:11     | Identified a scroll of acquirement
 12848 | D:11     | Got a brightly glowing triple crossbow
 12849 | D:11     | Identified the +8 triple crossbow "Afeanuan" {speed, MR+
                  | Stlth+} (You acquired it on level 11 of the Dungeon)
 13249 | D:12     | Noticed Fannar
 13304 | Lair:1   | Entered Level 1 of the Lair of Beasts
 13468 | Lair:1   | Noticed a four-headed hydra
 13476 | Lair:1   | Killed a four-headed hydra
 13478 | Lair:1   | Reached skill level 10 in Fighting
 13495 | Lair:1   | Reached skill level 15 in Crossbows
 13667 | Lair:1   | Received a gift from Okawaru
 13994 | Lair:1   | Got an ancient robe
 14337 | Lair:2   | Noticed a four-headed hydra
 14341 | Lair:2   | Killed a four-headed hydra
 14726 | Lair:2   | Reached XP level 13. HP: 83/83 MP: 19/19
 14908 | Lair:2   | HP: 3/83 [swamp worm/harpoon shot (3)]
 14910 | Lair:2   | Mangled by a swamp worm

Levels and vault maps discovered:
D:1:      roderic_chinese_lattice_arrival, layout_basic, chequers_garden
D:2:      layout_loops_ring, uniq_terence
D:3:      minmay_evil_eye, layout_rooms, serial_co_window_serial,
          co_window_of_opportunity_a, co_window_paths_a, co_window_corner_a,
          co_window_corner_a, co_window_corner_a, co_window_paths_a,
          co_window_corner_a, co_window_cross_4, co_window_broadway_b,
          co_window_unsneaky_path_e, co_window_cross_2,
          co_window_unsneaky_path_c, glass_columns_a, glass_columns_a,
          glass_columns_a, glass_columns_c, glass_columns_a, uniq_ijyb
D:4:      layout_basic, first_ration, chequers_jeans, tgw_xom
D:5:      layout_rooms, marbit_many_paths, old_standard_altar,
          nicolae_overflow_crystal_walls, grunt_ministairs_9,
          kennysheep_generic_room_8
D:6:      layout_loops_ring, grunt_dithmenos_smoke,
          grunt_temple_overflow_diamond
D:7:      layout_rooms, minmay_temple_entry_sparse_star, uniq_prince_ribbit1,
          uniq_harold
D:8:      minmay_klotski, layout_basic, lemuel_zombie_altar_kikubaaqudgha,
          zin_treasury, ashenzari_altar_1, uniq_gastronok
D:9:      layout_rooms, grunt_livestock
D:10:     layout_loops_cross, lair_entry_dummy, uniq_nergalle, uniq_erica
D:11:     layout_roguey
D:12:     mludivico_vault, layout_rooms, zombieorc2_lemuel, uniq_maurice,
          uniq_fannar
Lair:1:   layout_loops_ring, st_stairs_5, lemuel_fruit_fields
Lair:2:   layout_regular_city, columned_hall_lemuel, worms_lemuel

Skill      XL: |  1  2  3  4  5  6  7  8  9 10 11 12 |
---------------+-------------------------------------+-----
Short Blades   | 1 2 3 4 5 |  5.0
Crossbows      | 5 6 7 8 9 11 13 14 15 | 15.8
Fighting       | 3 4 5 7 8 9 10 | 10.6
Evocations     | 1 2 4 5 |  5.4
Invocations    | 1 4 6 7 8 |  8.0
Armour         | 3 4 |  4.8
Dodging        | 5 7 |  7.5
Stealth        | |  1.3

Action                   |  1- 3 |  4- 6 |  7- 9 | 10-12 | 13-15 || total
-------------------------+-------+-------+-------+-------+-------++-------
Melee: Short sword       |   130 |   114 |   304 |   306 |       ||   854
       Dagger            |       |    41 |    66 |       |       ||   107
       Punch             |       |       |       |     1 |       ||     1
 Fire: Hand crossbow     |     9 |    79 |    21 |   293 |       ||   402
       Triple crossbow   |       |       |       |   112 |    18 ||   130
Invok: Heroism           |       |       |     2 |    11 |     1 ||    14
       Finesse           |       |       |       |     2 |     1 ||     3
Evoke: Wand              |       |       |     2 |     2 |       ||     4
  Use: Scroll            |       |       |    12 |     8 |     1 ||    21
       Potion            |       |       |     2 |     3 |     2 ||     7
  Eat: Chunk             |    10 |     7 |    12 |    35 |       ||    64
       Ration            |       |       |       |     6 |       ||     6
Armor: Plate armour      |   104 |   153 |   204 |   391 |     4 ||   856
Dodge: Dodged            |    20 |    34 |    58 |   176 |    16 ||   304

Table legend:
 A = Non-vault XP
 B = Vault XP
 C = Vault XP percentage of total XP
 D = Non-vault monster count
 E = Vault monster count
 F = Vault count percentage of total count
                 A         B        C        D         E       F
            +---------+---------+-------+---------+---------+-------
      Total |   19233 |    9290 |  32.6 |     279 |      40 |  12.5
            +---------+---------+-------+---------+---------+-------
        D:1 |      42 |       0 |   0.0 |      22 |       0 |   0.0
        D:2 |      55 |      38 |  40.9 |      17 |       1 |   5.6
        D:3 |     318 |      44 |  12.2 |      34 |       6 |  15.0
        D:4 |     566 |       0 |   0.0 |      27 |       0 |   0.0
        D:5 |     456 |      44 |   8.8 |      10 |       2 |  16.7
        D:6 |     876 |       0 |   0.0 |      27 |       0 |   0.0
        D:7 |     691 |    1255 |  64.5 |      13 |       2 |  13.3
        D:8 |    2212 |    4518 |  67.1 |      33 |      19 |  36.5
        D:9 |    1150 |     976 |  45.9 |      23 |       5 |  17.9
       D:10 |    1342 |    1673 |  55.5 |      22 |       2 |   8.3
       D:11 |    1822 |       0 |   0.0 |       8 |       0 |   0.0
       D:12 |      71 |       0 |   0.0 |       1 |       0 |   0.0
     Lair:1 |    6284 |       0 |   0.0 |      27 |       0 |   0.0
     Lair:2 |    3348 |     742 |  18.1 |      15 |       3 |  16.7
            +---------+---------+-------+---------+---------+-------
